 Dungeon Crawl Stone Soup version 0.23-a0-726-g9fa1570 (webtiles) character file.

77 Lanoc the Slasher (level 4, -1/35 HPs)
             Began as a Demonspawn Monk on Jan 16, 2019.
             Slain by Sigmund
             ... wielding a +2 scythe of protection
              (6 damage)
             ... on level 2 of the Dungeon.
             The game lasted 00:02:49 (1780 turns).

Lanoc the Slasher (Demonspawn Monk)                 Turns: 1780, Time: 00:02:49

Health: -1/35      AC: 11    Str: 12    XL:     4   Next: 13%
Magic:  4/4        EV:  3    Int: 11    God:
Gold:   59         SH:  0    Dex: 16    Spells: 3/3 levels left

rFire    . . .     SeeInvis .   a - +0 falchion
rCold    . . .     Gourm    .   (no shield)
rNeg     . . .     Faith    .   k - +0 plate armour
rPois    .         Spirit   .   (helmet restricted)
rElec    .         Reflect  .   j - +0 cloak
rCorr    .         Harm     .   (no gloves)
MR       .....                  (no boots)
Stlth    ..........             (no amulet)
HPRegen  0.11/turn              (no ring)
MPRegen  0.09/turn              (no ring)

@: no status effects
A: antennae 1, powered by death 1
a: no special abilities


You were on level 2 of the Dungeon.
You were not hungry.

You visited 1 branch of the dungeon, and saw 2 of its levels.

You collected 59 gold pieces.

Inventory:

Hand Weapons
 a - a +0 falchion (weapon)
Armour
 j - a +0 cloak (worn)
 k - a +0 plate armour (worn)
Scrolls
 g - a scroll of random uselessness {unknown}
Potions
 d - 2 potions of curing
 e - a potion of degeneration {unknown}
 h - a potion of heal wounds {unknown}
 i - a potion of brilliance {unknown}
Comestibles
 c - 3 rations


   Skills:
 + Level 3.5 Fighting
 * Level 3.5 Long Blades
 + Level 1.3 Armour
 + Level 3.1 Dodging
 - Level 1.7 Stealth


You had 3 spell levels left.
You didn't know any spells.
Your spell library was empty.

Dungeon Overview and Level Annotations

Branches:
Dungeon (2/15)

Altars:

Annotations:
D:2 Robin, Sigmund


Innate Abilities, Weirdness & Mutations

You have a pair of small antennae on your head.
You regenerate a little health from kills.


Message History

The hobgoblin hits you but does no damage.
You barely miss the hobgoblin.
The hobgoblin no longer looks unusually strong.
Something hits you!
* * * LOW HITPOINT WARNING * * *
The hobgoblin hits you but does no damage.
You hit the hobgoblin.
The hobgoblin is heavily wounded.
The hobgoblin hits you but does no damage.
Something hits you but does no damage.
You hit the hobgoblin.
The hobgoblin is almost dead.
The hobgoblin hits you.
* * * LOW HITPOINT WARNING * * *
You completely miss the hobgoblin.
The hobgoblin is almost dead.
Sigmund appears from thin air!
Reactivating autopickup.
Sigmund hits you from afar with a +2 scythe of protection.
You die...

###### #########
..... #...[...# ....
#####.......## ..#
....'.......>####..#
#####........ggg@..#
# #.......<.K###@# #
#.......##)#{{{# #
#.......##K#.# #
####+#####...# #
#.g<### #
#...@..gg.# #
#.........# #
#...K.....#


You could see Sigmund, 2 hobgoblins, a goblin and a kobold.

Vanquished Creatures
  An adder (D:2)
  A worm (D:2)
  3 dart slugs
  3 leopard geckos
  A giant cockroach (D:1)
  17 goblins
  5 hobgoblins
  A quokka (D:2)
  9 bats
  4 frilled lizards
  2 kobolds (D:1)
  6 rats
53 creatures vanquished.

Notes
Turn   | Place    | Note
-------+----------+-------------------------------------------
     0 | D:1      | Lanoc the Demonspawn Monk began the quest for the Orb.
     0 | D:1      | Reached XP level 1. HP: 18/18 MP: 1/1
   278 | D:1      | Gained mutation: You have a pair of small antennae on your
                  | head. [demonic ancestry]
   278 | D:1      | Reached XP level 2. HP: 16/24 MP: 2/2
   739 | D:1      | Reached XP level 3. HP: 25/29 MP: 3/3
  1014 | D:2      | Reached skill level 1 in Armour
  1718 | D:2      | Noticed Sigmund
  1719 | D:2      | Noticed Robin
  1743 | D:2      | Gained mutation: You regenerate a little health from kills.
                  | [demonic ancestry]
  1743 | D:2      | Reached XP level 4. HP: 19/35 MP: 4/4
  1780 | D:2      | Slain by Sigmund

Vault maps used:
D:1:      minmay_arrival_stair_chambers
D:2:      uniq_robin, uniq_sigmund

Skill      XL: |  1  2  3 |
---------------+----------+-----
Long Blades    | 3 |  3.5
Dodging        | 3 |  3.1
Armour         | 1 |  1.3
Fighting       | |  3.5
Stealth        | |  1.7

Action                   |  1- 3 |  4- 6 || total
-------------------------+-------+-------++-------
Melee: Falchion          |   142 |    32 ||   174
  Use: Potion            |     1 |     1 ||     2
 Stab: Sleeping          |     3 |       ||     3
  Eat: Chunk             |     3 |       ||     3
Armor: Robe              |    44 |       ||    44
       Plate armour      |    41 |    46 ||    87
Dodge: Dodged            |   151 |     5 ||   156
       Rpst.: Falchion   |    49 |     2 ||    51

Table legend:
 A = Non-vault XP
 B = Vault XP
 C = Vault XP percentage of total XP
 D = Non-vault monster count
 E = Vault monster count
 F = Vault count percentage of total count
                 A         B        C        D         E       F
            +---------+---------+-------+---------+---------+-------
      Total |      96 |      14 |  12.7 |      46 |       7 |  13.2
            +---------+---------+-------+---------+---------+-------
        D:1 |      41 |       0 |   0.0 |      25 |       0 |   0.0
        D:2 |      55 |      14 |  20.3 |      21 |       7 |  25.0
            +---------+---------+-------+---------+---------+-------
